 Dungeon Crawl Stone Soup version 0.19.5 (webtiles) character file.

4568 equalderp2856 the Summoner (level 10, -7/40 HPs)
             Began as a Felid Summoner on Apr 9, 2017.
             Mangled by a killer bee (10 damage)
             ... on level 9 of the Dungeon.
             The game lasted 01:00:52 (21648 turns).

equalderp2856 the Summoner (Felid Summoner)        Turns: 21648, Time: 01:00:53

Health: -7/40      AC:  4    Str:  6      XL:     10   Next: 18%
Magic:  0/20       EV: 24    Int: 20      God:
Gold:   717        SH:  0    Dex: 16 (17) Spells: 6 memorised, 6 levels left
                                        Lives:  0   Deaths: 3

rFire  . . .     SeeInvis +       - Unarmed
rCold  . . .     Gourm    .     (armour unavailable)
rNeg   + . .     Faith    .     (shield unavailable)
rPois  +         Spirit   .     (helmet unavailable)
rElec  .         Reflect  .     (cloak unavailable)
rCorr  .         Harm     .     (gloves unavailable)
MR     +....                    (boots unavailable)
Stlth  +++++.....               p - amulet of rage
                                D - ring of positive energy
                                e - ring of wizardry (curse)

@: quick
A: no armour, no weapons or thrown items, stealth, claws 1, fangs 3, repulsion
field 1, molten scales 1, camouflage 1, see invisible, carnivore 3, speed 1, low
mp 1, sense surroundings 1, poison resistance, shaggy fur 2, slow metabolism 1,
strong 1, sharp paws
a: Evoke Berserk Rage


You were on level 9 of the Dungeon.
You were very full.

You visited 2 branches of the dungeon, and saw 11 of its levels.

You collected 717 gold pieces.

Inventory:

Missiles
 w - 210 arrows
Jewellery
 e - a cursed ring of wizardry (left paw)
 k - an uncursed ring of protection from fire
 m - an uncursed ring of resist corrosion
 n - the ring of Xosigai {Wiz +Inv +Fly rPois MP-9, unknown}
   (You found it on level 9 of the Dungeon)

   [ring of wizardry]

   It improves your spell success rate.
   It protects you from poison.
   It affects your magic capacity (-9).
   It lets you turn invisible.
   It lets you fly.
 p - an amulet of rage (around neck)
 r - an uncursed ring of resist corrosion
 v - an uncursed ring of magical power
 x - a +6 amulet of reflection {unknown}
 C - an uncursed ring of stealth {unknown}
 D - a ring of positive energy (right paw)
 F - an uncursed amulet of guardian spirit {unknown}
 I - a +4 ring of strength {unknown}
Wands
 t - a wand of hasting (3/9)
 y - a wand of polymorph (12/24)
 z - a wand of random effects (19/48)
 K - a wand of flame (24/48)
Scrolls
 c - 10 scrolls of identify
 f - 3 scrolls of immolation {unknown}
 g - 2 scrolls of fog {unknown}
 h - 10 scrolls of remove curse {unknown}
 i - 2 scrolls of amnesia {unknown}
 l - 5 scrolls of teleportation
 o - 2 scrolls of enchant armour {unknown}
 q - 2 scrolls of fear {unknown}
 s - 3 scrolls of recharging {unknown}
 B - 2 scrolls of blinking {unknown}
 J - a scroll of vulnerability {unknown}
Potions
 d - a potion of flight
 j - 2 potions of haste
 u - 2 potions of brilliance
 E - a potion of might
Books
 a - a book of Callings

   Spells                             Type                      Level
   a - Summon Small Mammal            Summoning                    1
   b - Call Imp                       Summoning                    2
   c - Call Canine Familiar           Summoning                    3
   d - Summon Guardian Golem          Hexes/Summoning              3
   e - Summon Lightning Spire         Summoning/Air                4
   f - Summon Ice Beast               Ice/Summoning                4
 A - a Young Poisoner's Handbook

   Spells                             Type                      Level
   a - Sting                          Conjuration/Poison           1
   b - Mephitic Cloud                 Conjuration/Poison/Air       3
   c - Olgreb's Toxic Radiance        Poison                       4
   d - Alistair's Intoxication        Transmutation/Poison         5
   e - Venom Bolt                     Conjuration/Poison           5
Comestibles
 b - a meat ration
 H - a beef jerky


   Skills:
 + Level 2.3 Fighting
 + Level 6.6 Dodging
 + Level 5.8 Stealth
 + Level 4.0 Unarmed Combat
 + Level 7.4 Spellcasting
 + Level 1.1 Hexes
 + Level 10.1 Summonings
 - Level 8.0 Ice Magic
 + Level 1.0 Air Magic


You had 6 spell levels left.
You knew the following spells:

 Your Spells              Type           Power        Failure   Level  Hunger
a - Summon Small Mammal   Summ           ####         1%          1    None
b - Call Imp              Summ           #####...     1%          2    None
c - Call Canine Familiar  Summ           #####...     1%          3    #......
d - Summon Guardian Gole  Hex/Summ       ####....     1%          3    #......
e - Summon Ice Beast      Ice/Summ       #####...     1%          4    ###....
f - Summon Lightning Spi  Summ/Air       ####....     4%          4    ###....


Dungeon Overview and Level Annotations

Branches:
Dungeon (9/15)             Temple (0/1) D:7            Lair (2/6) D:8
  Swamp: Lair:2-4    Shoals: Lair:2-4     Snake: Lair:2-4    Spider: Lair:2-4
    Orc: D:9-12

Altars:
Ashenzari
Cheibriados
Nemelex Xobeh
Okawaru
Ru
Sif Muna
Trog
Uskayaw
Vehumet
Xom
The Shining One

Annotations:
D:4 exclusion: statue
D:7 1 runed door
D:8 4 runed doors


Innate Abilities, Weirdness & Mutations

You cannot wear armour.
You are incapable of wielding weapons or throwing items.
Your paws allow you to move quietly. (Stealth)
You have sharp claws.
You have razor-sharp teeth.
You have supernaturally acute eyesight. (SInv)
You are carnivorous and can eat meat at any time.
You cover ground quickly.
You are covered in thick fur. (AC +2)
You have a slow metabolism.
Your sharp claws are effective at attacking unaware monsters.
You are surrounded by a mild repulsion field. (EV +2)
You are partially covered in molten scales. (AC +2)
Your skin changes colour to match your surroundings (Stealth+).
Your magical capacity is low. (-10% MP)
You passively map a small area around you.
Your system is resistant to poisons. (rPois)
Your muscles are strong. (Str +2)


Message History

The killer bee closely misses your wolf.
Your ice beast closely misses the killer bee.
The killer bee closely misses your wolf.
Your wolf closely misses the killer bee.
Your iron imp misses the killer bee.
Your wolf completely misses the killer bee.
Your wolf bites the killer bee.
You miss the killer bee. Your bite misses the killer bee.
The killer bee is moderately wounded.
Your ice beast disappears in a puff of smoke!
The killer bee misses you.
Your wolf closely misses the killer bee.
The killer bee stings you!
* * * LOW HITPOINT WARNING * * *
Casting: Call Canine Familiar
Confirm with . or Enter, or press ? or * to list all spells.
The killer bee completely misses you.
Your wolf completely misses the killer bee.
The killer bee stings you!
You die...

#....######..).#
####......##.....†#
####.................#
##
#....####.)[.........#
.######.####
#.5###########
.##.....# #####..#
....##### #....rh#
..### #..####y# .####
* ., #@# ....### *
###.### ......# *
#.....# ....#.#
#.....#
....##########<....#
....[#..#$.........#
.....'[.#......#.###
...>†####.....##.#
....#........###.#


You could see a killer bee, a friendly wolf, a friendly iron imp and a friendly
quokka.

Vanquished Creatures
  2 hornets
  A porcupine (Lair:2)
  2 centaurs
  2 killer bees (D:8)
  A howler monkey (D:9)
  A crimson imp (D:9)
  A hound (D:7)
  A centaur skeleton (D:7)
  3 orc wizards
  3 worker ants (D:4)
  3 hound skeletons
  An adder (D:2)
  2 shadow imps
  An ooze (D:5)
  An adder skeleton (D:4)
  3 dart slugs
  2 leopard geckos
  10 orcs
  A ball python (D:4)
  5 bats
  6 giant cockroaches
  6 goblins
  3 hobgoblins
  12 jackals
  3 quokkas
  5 frilled lizards
  A jackal skeleton (D:8)
  7 kobolds
  2 leopard gecko skeletons (D:4)
  A leopard gecko zombie (D:7)
  7 rats
99 creatures vanquished.

Vanquished Creatures (collateral kills)
  3 hydras (Lair:1)
  A black mamba (Lair:1)
  2 spiny frogs (Lair:1)
  A queen bee (D:9)
  The ghost of equalderp2856 the Summoner, a novice FeSu (D:8)
  5 hippogriffs
  The ghost of snowfan the Magician, an amateur DEFE (D:5)
  Sigmund (D:5)
  11 yaks
  2 hungry ghosts (D:8)
  Edmund (D:6)
  3 water moccasins (Lair:1)
  3 porcupines (Lair:1)
  3 orc warriors
  2 phantoms
  5 ice beasts
  6 ogres
  4 sky beasts
  5 centaurs
  2 crocodiles (Lair:1)
  2 big kobolds
  Blork the orc (D:4)
  4 bullfrogs
  A scorpion (D:7)
  20 killer bees
  2 howler monkeys (D:4)
  5 crimson imps
  2 quasits
  A jelly (D:9)
  A centaur zombie (D:5)
  A hound (D:7)
  3 orc priests
  5 iguanas
  9 orc wizards
  5 worker ants
  A worker ant zombie (D:7)
  7 gnolls
  8 adders
  2 shadow imps
  An ooze (D:1)
  An adder skeleton (D:4)
  11 worms
  2 dart slugs (D:4)
  3 leopard geckos
  25 orcs
  4 giant cockroaches
  3 goblins (D:2)
  6 hobgoblins
  9 jackals
  9 kobolds
  3 quokkas
  A ball python (D:4)
  A bat (D:2)
  2 frilled lizards
  A leopard gecko zombie (D:5)
  A rat (D:3)
225 creatures vanquished.

Vanquished Creatures (others)
  The ghost of Lucio the Destroyer, a novice VSCj of Sif Muna (D:7)
  2 fungi (Lair:1)
  5 plants (Lair:1)
8 creatures vanquished.

Grand Total: 332 creatures vanquished

Notes
Turn   | Place    | Note
-------+----------+-------------------------------------------
     0 | D:1      | equalderp2856 the Felid Summoner began the quest for the Orb.
     0 | D:1      | Reached XP level 1. HP: 7/7 MP: 4/4
   365 | D:1      | Reached XP level 2. HP: 5/11 MP: 6/6
   549 | D:1      | Learned a level 2 spell: Call Imp
  2025 | D:2      | Reached XP level 3. HP: 14/14 MP: 7/7
  2327 | D:2      | Found an iron altar of Okawaru.
  3224 | D:2      | Reached XP level 4. HP: 10/18 MP: 0/9
  3360 | D:2      | Learned a level 3 spell: Call Canine Familiar
  3451 | D:2      | Found a deep blue altar of Sif Muna.
  3453 | D:2      | Found a sacrificial altar of Ru.
  3964 | D:3      | Reached skill level 1 in Unarmed Combat
  4379 | D:3      | Found a shattered altar of Ashenzari.
  5147 | D:3      | Reached XP level 5. HP: 21/21 MP: 10/10
  5450 | D:3      | Found a faded altar of an unknown god.
  5450 | D:3      | Found a snail-covered altar of Cheibriados.
  5455 | D:3      | Found a faded altar of an unknown god.
  5459 | D:3      | Found a faded altar of an unknown god.
  5461 | D:3      | Found a faded altar of an unknown god.
  5552 | D:3      | Learned a level 3 spell: Summon Guardian Golem
  5711 | D:4      | Reached skill level 5 in Summonings
  5923 | D:4      | Noticed a phantom
  5982 | D:4      | Killed a phantom
  5982 | D:4      | Gained mutation: You are covered in thick fur. (AC +2) [Felid growth]
  5982 | D:4      | Reached XP level 6. HP: 17/25 MP: 0/12
  6467 | D:4      | Reached skill level 1 in Hexes
  6627 | D:4      | Found a bloodstained altar of Trog.
  7583 | D:4      | Reached XP level 7. HP: 26/28 MP: 9/14
  7626 | D:4      | Learned a level 4 spell: Summon Ice Beast
  7735 | D:4      | Found a glowing golden altar of the Shining One.
  7746 | D:4      | Found a radiant altar of Vehumet.
  8026 | D:4      | Reached skill level 6 in Summonings
  8026 | D:4      | Reached skill level 1 in Ice Magic
  8460 | D:4      | Noticed Blork the orc
  8473 | D:4      | Killed Blork the orc
  8676 | D:5      | Entered Level 5 of the Dungeon
  8704 | D:5      | Noticed snowfan's ghost (amateur DEFE)
  8713 | D:5      | Killed snowfan's ghost
  9785 | D:5      | Mangled by an ogre
  9786 | D:5      | Reached XP level 6. HP: -11/25 MP: 8/13
  9862 | D:5      | Reached XP level 7. HP: 19/28 MP: 7/14
 10145 | D:5      | Noticed Sigmund
 10348 | D:5      | Reached skill level 7 in Summonings
 10396 | D:5      | Killed from afar by an orc wizard
 10397 | D:5      | Reached XP level 6. HP: -1/25 MP: 4/13
 10403 | D:5      | Killed Sigmund
 10837 | D:6      | Reached skill level 5 in Ice Magic
 10951 | D:6      | Reached XP level 7. HP: 21/28 MP: 2/14
 11919 | D:6      | Noticed Edmund
 11943 | D:6      | Killed Edmund
 12087 | D:6      | Found a sparkling altar of Nemelex Xobeh.
 12738 | D:7      | Found a staircase to the Ecumenical Temple.
 12982 | D:7      | Noticed Lucio's ghost (novice VSCj)
 13204 | D:7      | HP: 1/28 [ogre/giant club (27)]
 13217 | D:7      | Reached XP level 8. HP: 2/31 MP: 10/15
 14288 | D:7      | Killed Lucio's ghost
 14288 | D:7      | Reached skill level 8 in Summonings
 14641 | D:7      | Found a runed door.
 15268 | D:8      | Noticed equalderp2856's ghost (novice FeSu)
 15282 | D:8      | Killed equalderp2856's ghost
 15282 | D:8      | Reached skill level 1 in Fighting
 15470 | D:8      | Found a staircase to the Lair.
 16083 | D:8      | Found a shimmering altar of Xom.
 16085 | D:8      | Found a sacrificial altar of Ru.
 16085 | D:8      | Found a white marble altar of Elyvilon.
 16087 | D:8      | Found a shadowy altar of Dithmenos.
 16087 | D:8      | Found a blossoming altar of Fedhas.
 16087 | D:8      | Found a shimmering altar of Xom.
 16426 | D:8      | HP: 1/48 [killer bee (6)]
 16818 | D:8      | Found a huge runed gate.
 16818 | D:8      | Noticed a polar bear
 16818 | D:8      | Noticed a dream sheep
 16818 | D:8      | Noticed a hippogriff
 16826 | D:8      | Found a hide-covered altar of Uskayaw.
 16834 | D:8      | Reached XP level 9. HP: 21/35 MP: 0/17
 16841 | D:8      | Reached skill level 5 in Spellcasting
 16849 | D:8      | Learned a level 4 spell: Summon Lightning Spire
 17027 | D:8      | Found a huge runed gate.
 17027 | D:8      | Found a huge runed gate.
 17027 | D:8      | Found a huge runed gate.
 17029 | D:8      | Noticed a manticore
 17029 | D:8      | Noticed a polar bear
 17030 | D:8      | Noticed a polar bear
 17194 | D:8      | Reached skill level 5 in Dodging
 17310 | Lair:1   | Entered Level 1 of the Lair of Beasts
 17350 | Lair:1   | Noticed a seven-headed hydra
 17358 | Lair:1   | Reached skill level 5 in Stealth
 17529 | Lair:1   | Noticed a spiny frog
 17549 | Lair:1   | Killed a spiny frog
 17581 | Lair:1   | Noticed a black mamba
 17607 | Lair:1   | Killed a black mamba
 17991 | Lair:1   | Killed a seven-headed hydra
 17991 | Lair:1   | Reached skill level 9 in Summonings
 18060 | Lair:1   | Noticed a six-headed hydra
 18405 | Lair:1   | Noticed a five-headed hydra
 18416 | Lair:1   | Killed a five-headed hydra
 18416 | Lair:1   | Reached XP level 10. HP: 40/40 MP: 4/20
 18581 | Lair:1   | Noticed a spiny frog
 18591 | Lair:1   | Killed a spiny frog
 19017 | Lair:1   | Slain by a six-headed hydra
 19018 | Lair:1   | Reached XP level 9. HP: -1/36 MP: 17/19
 19271 | Lair:1   | Gained mutation: Your system is resistant to poisons. (rPois) [potion of mutation]
 19271 | Lair:1   | Gained mutation: Your skin changes colour to match your surroundings (Stealth+). [potion of mutation]
 19271 | Lair:1   | Gained mutation: Your muscles are strong. (Str +2) [potion of mutation]
 19539 | Lair:1   | Gained mutation: You passively map a small area around you. [potion of mutation]
 19539 | Lair:1   | Gained mutation: Your magical capacity is low. (-10% MP) [potion of mutation]
 19539 | Lair:1   | Gained mutation: You are surrounded by a mild repulsion field. (EV +2) [potion of mutation]
 19540 | Lair:1   | Gained mutation: You are partially covered in molten scales. (AC +2) [potion of mutation]
 19718 | Lair:1   | Killed a six-headed hydra
 19733 | Lair:1   | Reached skill level 1 in Air Magic
 20663 | D:9      | Got a translucent platinum ring
 21031 | D:9      | Reached XP level 10. HP: 40/40 MP: 4/19
 21092 | D:8      | Reached skill level 10 in Summonings
 21648 | D:9      | Mangled by a killer bee

Skill      XL: |  1  2  3  4  5  6  7  8  9 10 |
---------------+-------------------------------+-----
Dodging        | 3 4 6 |  6.6
Stealth        | 3 4 5 |  5.8
Unarmed Combat | 1 2 3 4 |  4.0
Spellcasting   | 3 4 7 |  7.4
Summonings     | 5 7 8 9 10 | 10.1
Hexes          | 1 |  1.1
Ice Magic      | 5 6 7 8 |  8.0
Fighting       | 1 2 |  2.3
Air Magic      | 1 |  1.0

Action                   |  1- 3 |  4- 6 |  7- 9 | 10-12 || total
-------------------------+-------+-------+-------+-------++-------
Melee: Unarmed           |   119 |   166 |   381 |    43 ||   709
       Bite              |     8 |     9 |    32 |     1 ||    50
       Punch             |       |     1 |     6 |     1 ||     8
 Cast: Call Imp          |    28 |    46 |    11 |     8 ||    93
       Summon Small Mamm |     7 |     8 |     4 |     2 ||    21
       Call Canine Famil |       |    17 |    20 |     3 ||    40
       Summon Guardian G |       |     5 |     8 |     1 ||    14
       Summon Ice Beast  |       |    13 |   144 |    22 ||   179
       Summon Lightning  |       |       |     4 |     4 ||     8
  Use: Scroll            |     2 |     1 |     2 |       ||     5
       Potion            |       |       |    14 |     1 ||    15
 Stab: Sleeping          |     5 |    10 |    16 |       ||    31
       Distracted        |       |     1 |     3 |       ||     4
  Eat: Chunk             |    13 |    21 |    50 |     3 ||    87
       Pizza             |       |       |     1 |       ||     1
Armor: Skin              |    12 |     8 |    81 |    10 ||   111
Dodge: Dodged            |   127 |   202 |   445 |    86 ||   860
